 Dungeon Crawl Stone Soup version 0.30.1-4-g462c640d31 (webtiles) character file.

Game seed: 5890970683065336771

21 arthad the Trooper (level 2, -1/16 HPs)
             Began as a Vine Stalker Berserker on Aug 24, 2023.
             Was a Follower of Trog.
             Slain by a quokka (2 damage)
             ... on level 2 of the Dungeon.
             The game lasted 00:01:05 (548 turns).

arthad the Trooper (Vine Stalker Berserker)          Turns: 548, Time: 00:01:05

Health: -1/16      AC:  2    Str: 19    XL:     2   Next: 83%
Magic:  0/3        EV: 12    Int:  7    God:    Trog [*.....]
Gold:   15         SH:  0    Dex: 13    Spells: 1/1 levels left

rFire   . . .        a - +0 hand axe
rCold   . . .        (no shield)
rNeg    . . .        b - +0 animal skin
rPois   .            (no helmet)
rElec   .            (no cloak)
rCorr   .            (no gloves)
SInv    .            (no boots)
Will    .....        (no amulet)
Stlth   +            (no ring)
HPRegen 0.22/turn    (no ring)
MPRegen 0.08/turn

%: guardian spirit
@: on berserk cooldown
A: fangs 2, magic shield, antimagic bite, no potion heal 2
a: Renounce Religion, Berserk


You were on level 2 of the Dungeon.
You worshipped Trog.
Trog was aware of your devotion.
You visited 1 branch of the dungeon, and saw 2 of its levels.

You collected 15 gold pieces.

Inventory:

Hand Weapons
 a - a +0 hand axe (weapon)
Missiles
 g - 4 poisoned darts (quivered)
Armour
 b - a +0 animal skin (worn)
Jewellery
 i - an amulet of guardian spirit
Scrolls
 d - a scroll of amnesia {unknown}
 e - a scroll of identify {unknown}
 f - 2 scrolls of magic mapping {unknown}
Potions
 c - 2 potions of resistance {unknown}
 h - a potion of brilliance {unknown}


   Skills:
 * Level 3.0 Fighting
 * Level 3.0 Axes
 + Level 1.8 Armour
 + Level 1.7 Dodging


You had one spell level left.
You didn't know any spells.
Your spell library was empty.

Dungeon Overview and Level Annotations

Branches:
Dungeon (2/15)

Altars:


Innate Abilities, Weirdness & Mutations

You have extremely sharp teeth.
When hurt, damage is shared between your health and your magic reserves.
Your bite disrupts and absorbs the magic of your enemies.
Potions cannot restore your health.


Message History

You are too injured to fight recklessly!
You are too injured to fight recklessly!
You are too injured to fight recklessly!
You are too injured to fight recklessly!
You are too injured to fight recklessly!
You are too injured to fight recklessly!
You are too injured to fight recklessly!
You are too injured to fight recklessly!
You are too injured to fight recklessly!
You are too injured to fight recklessly!
The quokka attacks as you move away! The quokka closely misses you.
You feel yourself speed up. The hobgoblin closely misses you.
The quokka bites you.
You see here a +0 ring mail.
Okay, then.
You hit the hobgoblin but do no damage. You bite the hobgoblin.
You drain its power.
You feel invigorated.
The hobgoblin is heavily wounded.
The hobgoblin barely misses you.
The hobgoblin hits you but does no damage.
You hit the hobgoblin.
The hobgoblin is almost dead.
The hobgoblin hits you but does no damage.
You hit the hobgoblin.
You kill the hobgoblin!
Trog accepts your kill.
You completely miss the goblin. The goblin closely misses you.
You closely miss the quokka. You barely miss the goblin. The quokka bites you.
The goblin hits you with a +0 dagger.
* * * LOW HITPOINT WARNING * * *
The quokka bites you.
* * * LOW HITPOINT WARNING * * *
You closely miss the quokka. You barely miss the goblin.
The goblin completely misses you. The quokka bites you.
* * * LOW HITPOINT WARNING * * *
The quokka attacks as you move away! The quokka barely misses you.
Okay, then.
You hit the goblin but do no damage. You bite the goblin, but do no damage.
You closely miss the quokka. The quokka bites you.
You die...

#...# ..# .. #...##..#..
+...##..#. .
######...##...# ..
#...†....##..# ...
#.†#...>.....# ..#
.........#.....##..#..#
#####....#<...gr...)###
......#..##@##.....#
#......#..##....##...#
........#..##...........
........##..##........
..
............#.........
###.#.........
#.#..........
##..........


You could see a quokka and a goblin.

Vanquished Creatures
  A ball python (D:1)
  An endoplasm (D:1)
  A giant cockroach (D:1)
  2 goblins (D:1)
  2 hobgoblins
  3 jackals (D:2)
  2 quokkas
  A bat (D:1)
  3 kobolds (D:1)
  A rat (D:1)
17 creatures vanquished.

Notes
Turn   | Place    | Note
-------+----------+-------------------------------------------
     0 | D:1      | arthad the Vine Stalker Berserker began the quest for the
                  | Orb.
     0 | D:1      | Reached XP level 1. HP: 11/11 MP: 2/2
   179 | D:1      | Reached XP level 2. HP: 16/16 MP: 3/3
   548 | D:2      | Slain by a quokka

Illustrated notes

Levels and vault maps discovered:
D:1:      dpeg_arrival_three_same_balls, layout_rooms
D:2:      layout_basic, basic_altar, minmay_misc_feat_five, nicolae_titane

Skill      XL: |  1  2 |
---------------+-------+-----
Fighting       | 3 |  3.0
Axes           | 3 |  3.0
Armour         | |  1.8
Dodging        | |  1.7

Action                     || total
---------------------------++-------
  Melee: Hand axe          ||    51
         Bite              ||    11
         Punch             ||     1
 Invoke: Berserk           ||     1
 Armour: Animal skin       ||     8
  Dodge: Dodged            ||    41
